 Dungeon Crawl Stone Soup version 0.30.1-9-gdf580d7c3d (webtiles) character file.

Game seed: 8109092652060108795

132 monsoonserge the Ruffian (level 4, 0/45 HPs)
             Began as a Troll Fighter on Sept 26, 2023.
             Slain by Ijyb
             ... wielding a +0 club
              (3 damage)
             ... on level 3 of the Dungeon.
             The game lasted 00:05:07 (1715 turns).

monsoonserge the Ruffian (Troll Fighter)            Turns: 1715, Time: 00:05:08

Health: 0/45       AC:  4    Str: 21 (24) XL:     4   Next: 92%
Magic:  3/3        EV:  8    Int:  3 (6)  God:
Gold:   108        SH:  7    Dex:  6 (9)  Spells: 3/3 levels left

rFire   . .          .
                       - Unarmed
rCold   . . .        b - +0 kite shield
rNeg    . . .        a - +0 robe
rPois   +            (helmet restricted)
rElec   .            (no cloak)
rCorr   .            (gloves unavailable)
SInv    .            (boots unavailable)
Will    .....        n - amulet of the acrobat
Stlth   +            f - ring of poison resistance
HPRegen 1.07/turn    (no ring)
MPRegen 0.08/turn

%: acrobat
@: mighty, attractive
A: large, unfitting armour, claws 3, regeneration 1, shaggy fur 1, tough skin 1,
talons 1
a: no special abilities


You were on level 3 of the Dungeon.
You visited 1 branch of the dungeon, and saw 3 of its levels.

You collected 108 gold pieces.

Inventory:

Armour
 a - a +0 robe (worn)
 b - a +0 kite shield (worn)
Jewellery
 f - a ring of poison resistance (left claw)
 n - an amulet of the acrobat (around neck)
Scrolls
 d - a scroll of teleportation {unknown}
 e - a scroll of magic mapping {unknown}
 j - a scroll of fog {unknown}
 k - 3 scrolls of identify {unknown}
 m - 4 scrolls of immolation {unknown}
 o - a scroll of brand weapon {unknown}
 p - a scroll of vulnerability {unknown}
 q - a scroll of blinking {unknown}
Potions
 h - 2 potions of degeneration
 r - a potion of lignification {unknown}


   Skills:
 + Level 3.1 Fighting
 - Level 2.7 Dodging
 + Level 3.3 Shields
 * Level 3.7 Unarmed Combat


You had 3 spell levels left.
You didn't know any spells.
Your spell library contained the following spells:

 Spells                   Type           Power      Damage    Failure   Level
 Ensorcelled Hibernation  Hex/Ice        0%         N/A       91%         2
 Passwall                 Tmut/Erth      0%         N/A       91%         2
 Swiftness                Air            0%         N/A       99%         3


Dungeon Overview and Level Annotations

Branches:
Dungeon (3/15)

Altars:
Trog

Annotations:
D:3 Grinder, Ijyb, Sigmund


Innate Abilities, Weirdness & Mutations

You are too large for most types of armour.
You have claws for hands.
Your natural rate of healing is unusually fast.
You are covered in fur. (AC +1)
You have tough skin. (AC +1)
You have sharp toenails.


Message History

Grinder is attracted toward you.
Ijyb zaps a wand.
You resist with some effort.
The now-empty wand crumbles to dust.
Ijyb is attracted toward you. Something is attracted toward you.
Ijyb closely misses you. Something barely misses you.
Something is attracted toward you. Grinder is attracted toward you.
You're too confused to move!
Grinder blinks!
Ijyb closely misses you.
You bump into the rock wall.
You feel less confused.
You hear some strange, mumbled words.
You are confused.
Ijyb hits you with a +0 club.
You bump into the rock wall.
Something hits you. Grinder gestures at you. Ijyb hits you with a +0 club.
You closely miss Ijyb. Your kick misses Ijyb.
Grinder grins, showing sharp teeth.
Ijyb hits you but does no damage.
You hear some strange, mumbled words.
A puff of flame appears from out of thin air!
The puff of flame hits you.
You barely miss something.
Grinder blinks!
Ijyb hits you with a +0 club. Something hits you!
* * * LOW HITPOINT WARNING * * *
Unknown command.
You bump into the rock wall.
Ijyb barely misses you.
You bump into the rock wall.
Something hits you!
* * * LOW HITPOINT WARNING * * *
Ijyb hits you with a +0 club.
* * * LOW HITPOINT WARNING * * *
You bump into the rock wall.
You feel less confused. You block Ijyb's attack. Something hits you.
* * * LOW HITPOINT WARNING * * *
Unknown command.
Okay, then.
There's nothing to close nearby.
You aren't carrying any items that you can evoke.
You scratch Ijyb but do no damage. Ijyb hits you with a +0 club.
You die...

#......).#......##.
#........#.......#
...........#.....#.# #
.##................#..
.
.......###..........#
........# #.......##.
........# #.......#
....... #.g.....#
...#. #@{.....#
####)#### #.#
...####.####
........5..####.
........?.......
.....5......####
.........ยง......
............#.##


You could see Ijyb.

Vanquished Creatures
  An orc priest (D:3)
  Terence (D:3)
  2 adders
  4 dart slugs
  3 orcs (D:3)
  6 bats
  3 endoplasms (D:1)
  2 giant cockroaches
  3 goblins
  5 hobgoblins
  8 kobolds
  3 quokkas (D:3)
  3 ball pythons
  3 frilled lizards
  A rat (D:2)
48 creatures vanquished.

Notes
Turn   | Place    | Note
-------+----------+-------------------------------------------
     0 | D:1      | monsoonserge the Troll Fighter began the quest for the Orb.
     0 | D:1      | Reached XP level 1. HP: 22/22 MP: 0/0
   162 | D:1      | Reached XP level 2. HP: 29/29 MP: 1/1
   891 | D:2      | Reached XP level 3. HP: 36/36 MP: 2/2
   999 | D:2      | Found a faded altar of an unknown god.
  1574 | D:3      | Noticed Terence
  1583 | D:3      | Killed Terence
  1584 | D:3      | Reached XP level 4. HP: 31/44 MP: 3/3
  1677 | D:3      | Noticed Ijyb
  1677 | D:3      | Noticed Sigmund
  1679 | D:3      | Found a bloodstained altar of Trog.
  1679 | D:3      | Noticed Grinder
  1699 | D:3      | Gained mutation: You have hidden genetic defects. [potion
                  | of mutation]
  1699 | D:3      | Gained mutation: Your muscles are strong. (Str +4, Int/Dex
                  | -1) [potion of mutation]
  1699 | D:3      | Gained mutation: Your system is resistant to poisons.
                  | (rPois) [potion of mutation]
  1700 | D:3      | Lost mutation: You have hidden genetic defects. [potion of
                  | mutation]
  1700 | D:3      | Lost mutation: Your system is resistant to poisons. (rPois)
                  | [potion of mutation]
  1700 | D:3      | Lost mutation: Your muscles are strong. (Str +4, Int/Dex
                  | -1) [potion of mutation]
  1700 | D:3      | Gained mutation: You have sharp toenails. [potion of
                  | mutation]
  1714 | D:3      | HP: 2/45 [something (4)]
  1715 | D:3      | Slain by Ijyb

Illustrated notes

Levels and vault maps discovered:
D:1:      dpeg_arrival_radiant, layout_basic
D:2:      layout_loops_cross, ebering_ecumenical_altar_abandoned,
          minmay_tromino_v4_b
D:3:      layout_basic, mainiacjoe_overflow_cross_hatched, serial_glass,
          glass_columns_c, glass_columns_a, uniq_grinder, uniq_ijyb,
          uniq_terence, uniq_sigmund, uniq_crazy_yiuf_cottage

Skill      XL: |  1  2  3  4 |
---------------+-------------+-----
Shields        | 3 |  3.3
Unarmed Combat | 3 |  3.7
Fighting       | 3 |  3.1
Dodging        | |  2.7

Action                     |  1- 3 |  4- 6 || total
---------------------------+-------+-------++-------
  Melee: Unarmed           |   108 |    57 ||   165
    Use: Potion            |       |     6 ||     6
 Armour: Robe              |    31 |    14 ||    45
  Dodge: Dodged            |    50 |    26 ||    76
  Block: Kite shield       |    35 |    19 ||    54
